 Dungeon Crawl Stone Soup version 0.31-a0-360-gb3e1d13bf4 (webtiles) character file.

Game seed: 17646630152959739800

768 Brmiller011 the Cleaver (level 7, -15/94 HPs)
             Began as a Minotaur Berserker on July 26, 2023.
             Was a Priest of Trog.
             Demolished by an ogre
             ... wielding a +0 giant club
              (26 damage)
             ... on level 5 of the Dungeon.
             The game lasted 00:04:44 (3943 turns).

Brmiller011 the Cleaver (Minotaur Berserker)        Turns: 3943, Time: 00:04:44

Health: -15/94     AC:  9    Str: 24    XL:     7   Next: 52%
Magic:  6/6        EV: 11    Int:  4    God:    Trog [***...]
Gold:   293        SH:  0    Dex:  9    Spells: 6/6 levels left

rFire   . . .        a - +0 hand axe
rCold   . . .        (no shield)
rNeg    . . .        n - +3 ring mail of Huudosio {Will+ Regen+ Stlth+}
rPois   +            (helmet restricted)
rElec   .            (no cloak)
rCorr   .            (no gloves)
SInv    .            (no boots)
Will    +....        (no amulet) Stlth
                     q - ring of poison resistance
HPRegen 1.15/turn    (no ring)
MPRegen 0.10/turn

%: no passive effects
@: berserking, studying Unarmed Combat, very quick
A: horns 2, retaliatory headbutt
a: Renounce Religion, Berserk, Trog's Hand


You were on level 5 of the Dungeon.
You worshipped Trog.
Trog was most pleased with you.
You visited 1 branch of the dungeon, and saw 5 of its levels.

You collected 293 gold pieces.

Inventory:

Hand Weapons
 a - a +0 hand axe (weapon)
Missiles
 l - a throwing net
Armour
 n - the +3 ring mail of Huudosio (worn) {Will+ Regen+ Stlth+}
   (You found it on level 3 of the Dungeon)

   Regen:     It increases your rate of health regeneration.
   Will:      It increases your willpower.
   Stlth:     It makes you more stealthy.
 t - a +0 chain mail
Jewellery
 q - a ring of poison resistance (left hand)
Wands
 b - a wand of iceblast (10)
Scrolls
 c - 5 scrolls of teleportation {unknown}
 d - 2 scrolls of poison {unknown}
 e - a scroll of vulnerability {unknown}
 h - a scroll of immolation {unknown}
 i - 2 scrolls of fog {unknown}
 j - 2 scrolls of identify {unknown}
 k - 2 scrolls of butterflies {unknown}
 m - a scroll of brand weapon {unknown}
 o - a scroll of enchant armour {unknown}
 r - a scroll of amnesia {unknown}
Potions
 f - 2 potions of curing {unknown}
 g - a potion of ambrosia {unknown}
 p - a potion of magic {unknown}
 s - a potion of might {unknown}


   Skills:
 + Level 6.1 Fighting
 * Level 8.0 Axes
 + Level 5.5 Armour
 - Level 2.1 Dodging


You had 6 spell levels left.
You didn't know any spells.
Your spell library was empty.

Dungeon Overview and Level Annotations

Branches:
Dungeon (5/15)
 Temple: D:4-7

Altars:
Cheibriados
Gozag
Sif Muna
Uskayaw
Vehumet
Xom


Innate Abilities, Weirdness & Mutations

You have a pair of horns on your head.
You reflexively headbutt those who attack you in melee.


Message History

The iguana is lightly wounded.
The iguana bites you but does no damage.
You hit the iguana. Your headbutt misses the iguana.
The iguana is lightly wounded.
The iguana misses you.
You hit the iguana. Your punch misses the iguana.
The iguana is moderately wounded.
The iguana closely misses you. You furiously retaliate!
You headbutt the iguana!
You kill the iguana!
Trog accepts your kill.
No target in view!
Items here: )) [ †.
Found a leather armour.
j - 2 scrolls labelled UWAIVA WOYRIU (gained 1)
You now have 293 gold pieces (gained 7).
An ogre comes into view. It is wielding a +0 giant club.
An ogre is nearby!
You barely miss the ogre.
The ogre hits you with a +0 giant club!!
You completely miss the ogre. You slash the ogre!
The ogre is moderately wounded.
The ogre barely misses you.
You hit the ogre.
The ogre is moderately wounded.
The ogre hits you with a +0 giant club!!
You are too injured to fight recklessly!
You hit the ogre.
The ogre is moderately wounded.
You slash the ogre!
The ogre is severely wounded.
The ogre hits you with a +0 giant club!
* * * LOW HITPOINT WARNING * * *
You completely miss the ogre.
The ogre is severely wounded.
A red film seems to cover your vision as you go berserk!
You feel yourself moving faster!
You feel mighty!
The ogre hits you with a +0 giant club!!
You die...

#.# #.# #.# #.# #.# #.#
#.# #.# #.# #.# #.# #.#
# #.###)###########
#...####............[..#
+.....O@................
#...#####...............
. +...............
#..............#
#..............#
#.......)......#
#..............#
#..............#
#..............#


You could see an ogre.

Vanquished Creatures
  Edmund (D:5)
  An ice beast (D:5)
  A phantom (D:5)
  2 scorpions
  A hound (D:5)
  2 jellies
  A gnoll bouda (D:4)
  3 iguanas
  An orc wizard (D:4)
  4 gnolls (D:4)
  4 adders
  2 worms
  2 dart slugs
  6 orcs
  2 bats
  6 endoplasms
  2 giant cockroaches
  5 hobgoblins
  8 jackals (D:2)
  6 kobolds
  2 quokkas
  8 ball pythons
  2 frilled lizards
  8 goblins
  4 rats
84 creatures vanquished.

Notes
Turn   | Place    | Note
-------+----------+-------------------------------------------
     0 | D:1      | Brmiller011 the Minotaur Berserker began the quest for the
                  | Orb.
     0 | D:1      | Reached XP level 1. HP: 19/19 MP: 0/0
   165 | D:1      | Reached skill level 4 in Axes
   170 | D:1      | Reached XP level 2. HP: 27/27 MP: 1/1
   743 | D:2      | Reached XP level 3. HP: 8/33 MP: 2/2
  1147 | D:2      | Reached skill level 5 in Axes
  1147 | D:2      | Reached XP level 4. HP: 39/40 MP: 3/3
  1149 | D:2      | Reached ** piety under Trog
  2137 | D:3      | Identified the +3 ring mail of Huudosio {Will+ Regen+
                  | Stlth+}
  2796 | D:3      | Found a snail-covered altar of Cheibriados.
  2796 | D:3      | Found an opulent altar of Gozag.
  2796 | D:3      | Found a shimmering blue altar of Sif Muna.
  2796 | D:3      | Found a hide-covered altar of Uskayaw.
  2804 | D:3      | Found a radiant altar of Vehumet.
  2806 | D:3      | Found a shimmering altar of Xom.
  2947 | D:4      | Reached XP level 5. HP: 47/47 MP: 4/4
  3122 | D:4      | Reached skill level 6 in Axes
  3124 | D:4      | Reached *** piety under Trog
  3168 | D:4      | Reached skill level 5 in Fighting
  3190 | D:4      | Reached XP level 6. HP: 49/56 MP: 5/5
  3767 | D:5      | Entered Level 5 of the Dungeon
  3819 | D:5      | Reached skill level 7 in Axes
  3842 | D:5      | Noticed Edmund
  3849 | D:5      | Killed Edmund
  3850 | D:5      | Reached skill level 5 in Armour
  3850 | D:5      | Reached XP level 7. HP: 62/62 MP: 6/6
  3912 | D:5      | Reached skill level 8 in Axes
  3943 | D:5      | Demolished by an ogre

Illustrated notes

Levels and vault maps discovered:
D:1:      amcnicky_arrival_flooded_fountain, layout_loops_ring
D:2:      layout_basic
D:3:      layout_basic, minmay_overflow_temple_hex
D:4:      layout_basic
D:5:      layout_basic, tgw_kikubaaqudgha, serial_shops,
          nicolae_shop_rolling_square, uniq_pikel, uniq_edmund

Skill      XL: |  1  2  3  4  5  6  7 |
---------------+----------------------+-----
Axes           | 4 5 6 7 8 |  8.0
Fighting       | 4 5 6 |  6.1
Armour         | 3 4 5 |  5.5
Dodging        | |  2.1

Action                     |  1- 3 |  4- 6 |  7- 9 || total
---------------------------+-------+-------+-------++-------
  Melee: Hand axe          |    53 |   134 |    44 ||   231
         Headbutt          |     6 |    29 |     3 ||    38
 Invoke: Berserk           |       |     1 |     1 ||     2
   Stab: Sleeping          |       |     1 |       ||     1
 Armour: Animal skin       |     8 |     8 |       ||    16
         Ring mail         |       |    24 |    18 ||    42
  Dodge: Dodged            |    30 |    73 |     9 ||   112

Table legend: (Time is in decaauts)
 A = Elapsed time spent in this place.
 B = Non-inter-level travel time spent in this place.
 C = Inter-level travel time spent in this place.
 D = Time resting spent in this place.
 E = Time spent auto-exploring this place.
 F = Levels seen in this place.
 G = Mean time per level.
                   A        B        C        D        E       F      G
               +--------+--------+--------+--------+--------+-----+--------+
         Total |   3951 |   3732 |    219 |      1 |   3202 |   5 |  790.2 |
       Dungeon |   3951 |   3732 |    219 |      1 |   3202 |   5 |  790.2 |
               +--------+--------+--------+--------+--------+-----+--------+

Top non-repeatable levels by time:
     D:2: 1220 daAuts
     D:3: 962 daAuts
     D:4: 851 daAuts
     D:1: 738 daAuts
     D:5: 178 daAuts
